 Dungeon Crawl Stone Soup version 0.29.1-2-gbd0b4ee654 (webtiles) character file.

Game seed: 9269808666571561631

47 Anriel the Trooper (level 3, -1/43 HPs)
             Began as a Human Fighter on Oct 26, 2022.
             Was a Follower of the Shining One.
             Slain by a gnoll
             ... wielding a +2 vorpal halberd
              (3 damage)
             ... on level 2 of the Dungeon.
             The game lasted 00:08:04 (1657 turns).

Anriel the Trooper (Human Fighter)                  Turns: 1657, Time: 00:08:05

Health: -1/43      AC: 21    Str: 18    XL:     3   Next: 97%
Magic:  3/3        EV:  2    Int:  8    God:    the Shining One [*.....]
Gold:   92         SH:  4    Dex: 12    Spells: 2/2 levels left

rFire   . . .      SeeInvis .   a - +0 long sword
rCold   . . .      Faith    .   c - +0 buckler
rNeg    . . .      Spirit   .   (body armour currently unavailable)
rPois   +          Reflect  .   (helmet currently unavailable)
rElec   .          Harm     .   (cloak currently unavailable)
rCorr   .          Rampage  .   (gloves currently unavailable)
Will    .....      NoTele   +   (boots currently unavailable)
Stlth   +.........              (no amulet)
HPRegen 0.14/turn               (no ring)
MPRegen 0.08/turn               (no ring)

@: tree-form, glowing
A: stationary, stasis, torment immunity, boosted hp
a: Renounce Religion, Divine Shield


You were on level 2 of the Dungeon.
You worshipped the Shining One.
The Shining One was aware of your devotion.
You were a tree.
You visited 1 branch of the dungeon, and saw 2 of its levels.

You collected 92 gold pieces.

Inventory:

Hand Weapons
 a - a +0 long sword (weapon)
Missiles
 f - 4 boomerangs (quivered)
 g - 9 poisoned darts
Armour
 c - a +0 buckler (worn)
 o - a +0 chain mail (melded)
Scrolls
 e - a scroll of silence
 n - a scroll of teleportation
Potions
 b - a potion of brilliance {unknown}
 d - 2 potions of might
 h - a potion of flight {unknown}
 i - 2 potions of attraction
 j - a potion of lignification
 k - a potion of haste {unknown}


   Skills:
 + Level 3.2 Fighting
 + Level 2.8 Long Blades
 + Level 0.5 Throwing
 * Level 3.2 Armour
 + Level 0.2 Dodging
 * Level 3.2 Shields
 * Level 0.5 Invocations


You had 2 spell levels left.
You didn't know any spells.
Your spell library contained the following spells:

 Spells                   Type           Power      Damage    Failure   Level
 Shock                    Conj/Air       0%         1d3       50%         1
 Swiftness                Air            0%         N/A       86%         3
 Airstrike                Air            0%         2d(0-16)  99%         4


Dungeon Overview and Level Annotations

Branches:
Dungeon (2/15)

Altars:
Uskayaw
The Shining One


Message History

You block the gnoll's attack.
You hit the gnoll.
You kill the gnoll!
There is a stone staircase leading up here.
Your hearing returns.
HP restored.
You climb upwards.
There is a stone staircase leading down here.
As you read the scroll labelled NYUSOV MUYKH, it crumbles to dust.
Your body is wracked with pain!
The Shining One forgives your inadvertent evil act, just this once.
It was a scroll of torment.
You start resting.
HP restored.
As you read the scroll labelled MEFROD POTS, it crumbles to dust.
It is a scroll of identify.
i - 2 potions of attraction
As you read the scroll of identify, it crumbles to dust.
j - 2 potions of lignification
As you read the scroll labelled EKUSUO AFFANE, it crumbles to dust.
You feel strangely unstable.
It was a scroll of teleportation.
You climb downwards.
There is a stone staircase leading up here.
Your surroundings suddenly seem different.
The gnoll shouts!
You hear a shout!
Okay, then.
The gnoll barely misses you.
The gnoll hits you with a +2 vorpal halberd!
There is a stone staircase leading up here.
You hit the gnoll but do no damage.
The gnoll hits you with a +2 vorpal halberd.
You hit the gnoll but do no damage.
The gnoll hits you with a +2 vorpal halberd!
* * * LOW HITPOINT WARNING * * *
x2 Really quaff the potion of lignification?
You turn into a tree.
Your +0 chain mail melds into your body.
Your roots penetrate the ground.
The gnoll hits you with a +2 vorpal halberd.
You die...

################.###
####### #...+
#....<# #g#.#
#)##### #.#.# #.#
#g#.###### #.###
#.#......# #...#
#.######.#
###.########.# #.#
#.♣g..)....# #..
#.########## ##. #.#
#.#######. #.#
#..†......
#.########.########
#..........# ##...
############ #....
#.... #....


You could see a gnoll.

Vanquished Creatures
  A gnoll (D:2)
  7 ball pythons
  3 bats (D:1)
  3 endoplasms
  A giant cockroach (D:1)
  3 goblins
  7 hobgoblins
  A quokka (D:1)
  3 kobolds (D:1)
  7 rats
36 creatures vanquished.

Notes
Turn   | Place    | Note
-------+----------+-------------------------------------------
     0 | D:1      | Anriel the Human Fighter began the quest for the Orb.
     0 | D:1      | Reached XP level 1. HP: 18/18 MP: 1/1
    93 | D:1      | Reached XP level 2. HP: 18/24 MP: 2/2
   259 | D:1      | Found a faded altar of an unknown god.
   303 | D:1      | Prayed at the altar of an unknown god.
   303 | D:1      | Became a worshipper of the Shining One
   303 | D:1      | Reached * piety under the Shining One
   595 | D:1      | Reached XP level 3. HP: 14/29 MP: 3/3
  1080 | D:2      | Found a hide-covered altar of Uskayaw.
  1656 | D:2      | HP: 1/29 [gnoll/+2 vorpal halberd (2)]
  1657 | D:2      | Slain by a gnoll

Illustrated notes

Levels and vault maps discovered:
D:1:      roderic_chinese_lattice_arrival, layout_basic,
          shapermc_ecumenical_altar_mp_vishouse
D:2:      layout_basic, basic_altar, guppyfry_early_orc_mine

Action                   || total
-------------------------++-------
Melee: Long sword        ||    83
Throw: Boomerang         ||    18
  Use: Scroll            ||     5
       Potion            ||     1
Armor: Scale mail        ||    27
       Chain mail        ||     6
Dodge: Dodged            ||    30
Block: Buckler           ||    18
